 Dungeon Crawl Stone Soup version 0.31-a0-803-g95b03c3367 (webtiles) character file.

Game seed: 7887494167806471870

78921 jasper the Warrior (level 15, -5/154 HPs)
             Began as an Ogre Venom Mage on Sept 15, 2023.
             Was a High Priest of Vehumet.
             Slain by a centaur warrior simulacrum (18 damage)
             ... on level 14 of the Dungeon on Sept 20, 2023.
             The game lasted 01:08:27 (28080 turns).

jasper the Warrior (Ogre Venom Mage)               Turns: 28080, Time: 01:08:28

Health: -5/154     AC:  9    Str: 16    XL:     15   Next: 61%
Magic:  17/29      EV:  9    Int: 28    God:    Vehumet [*****.]
Gold:   1501       SH:  0    Dex: 13    Spells: 6/34 levels left

rFire   . . .        t - staff of conjuration
rCold   . . .        (no shield)
rNeg    + . .        a - +0 acid dragon scales
rPois   +            (helmet restricted)
rElec   .            Q - +1 cloak of the Lost Path {Will+ rCorr}
rCorr   +            (gloves unavailable)
SInv    .            (boots unavailable)
Will    ++...        h - amulet of regeneration
Stlth   +            g - ring of poison resistance
HPRegen 1.25/turn    l - ring of Luovuiph {rN+ Int+6 Dex+4}
MPRegen 0.21/turn

%: no passive effects
@: no status effects
A: large, unfitting armour, tough skin 1, frail 1
a: Renounce Religion


You were on level 14 of the Dungeon.
You worshipped Vehumet.
Vehumet was extremely pleased with you.
You visited 4 branches of the dungeon, and saw 22 of its levels.

You collected 2246 gold pieces.
You spent 745 gold pieces at shops.

Inventory:

Missiles
 d - 162 stones
Armour
 a - +0 acid dragon scales (worn)
 C - a +0 troll leather armour
 H - a +2 animal skin
 L - +0 steam dragon scales
 Q - the +1 cloak of the Lost Path (worn) {Will+ rCorr}
   (You found it on level 4 of the Lair of Beasts)

   Will+:     It increases your willpower.
   rCorr:     It protects you from acid and corrosion.
Magical Staves
 t - a staff of conjuration (weapon)
Jewellery
 e - a ring of wizardry
 g - a ring of poison resistance (left hand)
 h - an amulet of regeneration (around neck)
 j - a ring of wizardry
 l - the ring of Luovuiph (right hand) {rN+ Int+6 Dex+4}
   (You acquired it on level 6 of the Dungeon)

   [ring of intelligence]

   Int+6:     It affects your intelligence (+6).
   Dex+4:     It affects your dexterity (+4).
   rN+:       It protects you from negative energy.
 m - a ring of ice
 r - an amulet of the acrobat
 B - a ring of protection from cold
 O - a ring of ice
Wands
 p - a wand of iceblast (6)
 q - a wand of digging (6)
 E - a wand of mindburst (15)
 G - a wand of flame (30)
 N - a wand of polymorph (5)
 S - a wand of light (5)
Scrolls
 c - 2 scrolls of vulnerability
 f - 2 scrolls of silence
 u - 6 scrolls of teleportation
 x - a scroll of identify
 y - a scroll of enchant weapon
 z - 2 scrolls of poison
 F - 3 scrolls of immolation
 J - a scroll of fog
 K - 3 scrolls of enchant armour
 M - a scroll of noise
 P - a scroll of revelation
 R - 2 scrolls of fear
 T - a scroll of brand weapon
 Y - a scroll of amnesia
 Z - a scroll of torment
Potions
 b - 5 potions of curing
 i - a potion of enlightenment
 k - a potion of cancellation
 n - a potion of berserk rage
 o - a potion of might
 s - a potion of ambrosia
 v - 2 potions of mutation
 w - 2 potions of lignification
 D - 4 potions of brilliance
 I - a potion of haste
 U - 2 potions of heal wounds
Miscellaneous
 W - a condenser vane (inert)
 X - a phial of floods


   Skills:
 + Level 16.9 Fighting
 - Level 12.0 Staves
 - Level 1.7 Dodging
 - Level 1.4 Stealth
 - Level 10.0 Spellcasting
 + Level 14.3 Conjurations
 - Level 4.0 Hexes
 - Level 4.0 Transmutations
 - Level 4.0 Ice Magic
 - Level 4.1 Air Magic
 - Level 4.0 Poison Magic
 - Level 5.0 Evocations


You had 6 spell levels left.
You knew the following spells:

 Your Spells              Type           Power      Damage    Failure   Level
a - Orb of Destruction    Conj           48%        9d13      3%          7
b - Yara's Violent Unrav  Hex/Tmut       18%        3d9       8%          5
c - Mephitic Cloud        Conj/Pois/Air  70%        N/A       1%          3
d - Ignite Poison         Fire/Tmut/Pois 28%        N/A       1%          3
e - Apportation           Tloc           28%        N/A       5%          1
f - Olgreb's Toxic Radia  Pois           36%        N/A       3%          4
g - Freezing Cloud        Conj/Ice/Air   35%        6-21      1%          5

Your spell library contained the following spells:

 Spells                   Type           Power      Damage    Failure   Level
 Lee's Rapid Deconstruct  Erth           7%         3d6*      36%         5
 Freeze                   Ice            100%       1d10      1%          1
 Sting                    Tmut/Pois      100%       1d8       1%          1
 Ensorcelled Hibernation  Hex/Ice        72%        N/A       1%          2
 Poisonous Vapours        Pois/Air       72%        N/A       1%          2
 Frozen Ramparts          Ice            72%        1d11      1%          3
 Hailstorm                Conj/Ice       78%        3d16      1%          3
 Fulminant Prism          Conj/Hex       39%        3d17      1%          4
 Iskenderun's Mystic Bla  Conj/Tloc      69%        2d14      1%          4
 Cigotuvi's Dreadful Rot  Necr/Pois/Air  58%        N/A       2%          2
 Airstrike                Air            18%        2d(3-19)  2%          4
 Passwall                 Tmut/Erth      20%        N/A       3%          2
 Tukima's Dance           Hex            36%        N/A       3%          3
 Volatile Blastmotes      Fire/Tloc      28%        2d12      4%          3
 Necrotise                Necr           56%        1d6       5%          1
 Summon Small Mammal      Summ           56%        N/A       5%          1
 Conjure Ball Lightning   Conj/Air       39%        3x3d13    5%          6
 Cause Fear               Hex            18%        N/A       11%         4
 Gell's Gravitas          Tloc           14%        N/A       16%         3
 Teleport Other           Tloc           14%        N/A       16%         3
 Anguish                  Hex/Necr       12%        N/A       24%         4
 Petrify                  Tmut/Erth      25%        N/A       24%         4
 Summon Ice Beast         Ice/Summ       25%        N/A       24%         4
 Plasma Beam              Fire/Air       12%        2x1d23    63%         6
 Simulacrum               Ice/Necr       12%        N/A       98%         6
 Dispersal                Tloc           7%         N/A       100%        6
 Enfeeble                 Hex            18%        N/A       100%        7
 Discord                  Hex            18%        N/A       100%        8
 Disjunction              Tloc           7%         N/A       100%        8


Dungeon Overview and Level Annotations

Branches:
Dungeon (14/15)            Temple (1/1) D:6            Lair (5/5) D:9
  Swamp (0/4) Lair:2       Spider (0/4) Lair:3        Slime (0/5) Lair:5
    Orc (2/2) D:9             Elf (0/3) Orc:2
 Vaults: D:13-14

Altars:
Ashenzari
Cheibriados
Dithmenos
Elyvilon
Fedhas
Gozag
Hepliaklqana
Kikubaaqudgha
Makhleb
Nemelex Xobeh
Okawaru
Qazlal
Ru
Sif Muna
Trog
Uskayaw
Vehumet
Wu Jian
Xom
Yredelemnul
Zin
The Shining One
Jiyva

Shops:
D:3 *   D:7 *   Orc:2 :(*[*

Annotations:
Lair:5 1 runed translucent door
Orc:1 1 runed translucent door, Liezuv's ghost, journeyman HOFi
Orc:2 3 runed translucent doors, exclusion: obsidian statue, Phlounder's ghost, journeyman DjVM


Innate Abilities, Weirdness & Mutations

You are too large for most types of armour.
You have tough skin. (AC +1)
You are frail. (-10% HP)


Message History

Aiming: Orb of Destruction (dangerous; 3% risk of failure)
Press: ? - help, Shift-Dir - straight line, f/p - gargoyle
Aim: a gargoyle, wielding a +0 flail (severely damaged)
You feel a surge of power!
The wavering orb of destruction weakly hits the gargoyle!!
You blow up the gargoyle!
Vehumet accepts your kill.
You now have 15/29 mp.
A boulder beetle comes into view.
The catoblepas gores you.
You take 1 damage, and have 96/154 hp.
The human shouts!
The centaur warrior simulacrum hits you!
The centaur warrior simulacrum freezes you!!
The centaur warrior simulacrum barely misses you.
You take 26 damage, and have 71/154 hp.
The centaur warrior simulacrum attacks as it pursues you!
The centaur warrior simulacrum hits you.
The centaur warrior simulacrum freezes you!!
The centaur warrior simulacrum kicks you but does no damage.
The centaur warrior simulacrum hits you.
The centaur warrior simulacrum freezes you!!
* * * LOW HITPOINT WARNING * * *
The centaur warrior simulacrum kicks you but does no damage.
The catoblepas breathes a plume of calcifying dust at you.
The blast of calcifying dust hits the centaur warrior simulacrum.
The blast of calcifying dust hits you.
* * * LOW HITPOINT WARNING * * *
You take 41 damage, and have 31/154 hp.
MASSIVE DAMAGE!!
The centaur warrior simulacrum is engulfed in calcifying dust.
The centaur warrior simulacrum is moving more slowly.
There is a stone staircase leading up here.
The centaur warrior simulacrum hits you.
* * * LOW HITPOINT WARNING * * *
The centaur warrior simulacrum freezes you!!
* * * LOW HITPOINT WARNING * * *
The centaur warrior simulacrum kicks you.
* * * LOW HITPOINT WARNING * * *
The centaur warrior simulacrum freezes you!!
You die...

#.######+# ##..#.....#
.###.......#
...##.......#
#..###......
##..##..... ##..##.§..#
.. #..##...@####+##
..)##.T##.§.Z.^....+
.######..###.§........#
..####...##.p§.Y##.)..#
........###.#§..##....#
#.....p###..#....#....#
#......##..##....'....#
..........#.....#######
........##..#####


You could see a catoblepas, a human and a centaur warrior simulacrum
(petrifying).

Vanquished Creatures
  Rupert (Lair:4)
  Kirke (D:12)
  3 orc warlords
  An ettin (shapeshifter) (D:10)
  An ettin (Orc:2)
  3 hydras
  A centaur warrior (D:10)
  4 catoblepae
  6 boulder beetles
  A two-headed ogre (D:11)
  11 death yaks
  A tengu warrior (D:10)
  A sixfirhy (D:10)
  A skyshark (Lair:5)
  2 lindwurms
  8 orc knights
  Pikel (D:9)
  A deep elf pyromancer (D:14)
  2 ugly things
  2 manticores
  4 orc sorcerers
  Joseph (D:9)
  14 elephants
  2 black mambas
  2 unseen horrors
  11 cane toads
  A smoke demon (D:10)
  4 orange demons (D:10)
  4 gargoyles
  11 komodo dragons
  An ice devil (D:10)
  A red devil (D:10)
  2 hornets (Lair:3)
  6 trolls
  A meliai (Lair:3)
  A hellwing (D:10)
  A tyrant leech (Lair:2)
  A raiju (shapeshifter) (D:13)
  14 blink frogs
  6 dream sheep (Lair:3)
  10 slime creatures
  A wraith (D:9)
  64 yaks
  A vampire (D:12)
  Grum (D:9)
  5 wyverns
  4 hogs
  4 basilisks
  A neqoxec (D:10)
  A steam dragon (Lair:3)
  Menkaure (D:5)
  A chaos spawn (D:10)
  2 wargs (Orc:1)
  2 swamp worms (Lair:2)
  3 acid dragons
  10 water moccasins
  Duvessa (D:4)
  2 ice beasts
  6 black bears
  36 orc warriors
  4 sky beasts
  9 ogres
  9 wolves
  A lemure (D:9)
  2 centaurs
  2 phantoms
  5 kobold brigands
  17 bullfrogs
  A gnoll sergeant (D:10)
  A scorpion (D:5)
  4 wights (D:8)
  Dowan (D:4)
  21 killer bees
  6 howler monkeys
  A quasit (D:10)
  A crimson imp (D:6)
  A hound (D:7)
  10 orc priests
  30 orc wizards
  A gnoll bouda (D:7)
  4 iguanas
  4 hell rats (Lair:3)
  10 gnolls
  10 adders
  3 white imps (D:6)
  3 ufetubi
  2 worms (D:2)
  2 dart slugs
  58 orcs
  4 bats
  7 endoplasms
  3 giant cockroaches
  9 goblins
  8 hobgoblins
  3 jackals (D:4)
  33 kobolds
  5 quokkas
  5 ball pythons
  2 frilled lizards
  7 rats
  A spectral orc (D:6)
606 creatures vanquished.

Vanquished Creatures (others)
  A yak (Lair:5)
  A quokka (D:5)
2 creatures vanquished.

Grand Total: 608 creatures vanquished

Notes
Turn   | Place    | Note
-------+----------+-------------------------------------------
     0 | D:1      | jasper the Ogre Venom Mage began the quest for the Orb.
     0 | D:1      | Reached XP level 1. HP: 16/16 MP: 3/3
   271 | D:1      | Reached XP level 2. HP: 14/26 MP: 0/5
   274 | D:1      | Learned a level 2 spell: Poisonous Vapours
   347 | D:1      | Reached skill level 1 in Fighting
   958 | D:1      | Reached XP level 3. HP: 33/33 MP: 0/7
  1432 | D:2      | Found an ornate altar of the Wu Jian Council.
  1657 | D:2      | Reached skill level 2 in Fighting
  2060 | D:2      | Reached XP level 4. HP: 42/42 MP: 3/8
  2064 | D:2      | Learned a level 3 spell: Mephitic Cloud
  3022 | D:3      | Found Xoirgh's Assorted Antiques.
  3049 | D:3      | Bought a smoky grey potion for 20 gold pieces
  3049 | D:3      | Bought a scroll of identify for 46 gold pieces
  3049 | D:3      | Bought a scroll labelled OCVOUS ANEJI for 23 gold pieces
  3072 | D:3      | Found a snail-covered altar of Cheibriados.
  3098 | D:3      | Learned a level 3 spell: Ignite Poison
  3437 | D:3      | Reached skill level 3 in Fighting
  3478 | D:3      | Reached XP level 5. HP: 47/53 MP: 4/9
  3480 | D:3      | Learned a level 1 spell: Apportation
  3692 | D:4      | Noticed a phantom
  3696 | D:4      | Killed a phantom
  3697 | D:4      | Reached skill level 4 in Fighting
  3868 | D:4      | Noticed Dowan
  3869 | D:4      | Noticed Duvessa
  3891 | D:5      | Entered Level 5 of the Dungeon
  3905 | D:5      | Reached XP level 6. HP: 22/63 MP: 3/12
  3908 | D:5      | Noticed a black bear
  4263 | D:5      | Reached skill level 5 in Fighting
  4451 | D:5      | Reached skill level 5 in Spellcasting
  4451 | D:5      | Reached XP level 7. HP: 72/74 MP: 7/14
  4456 | D:5      | Learned a level 4 spell: Olgreb's Toxic Radiance
  4582 | D:5      | Reached skill level 6 in Fighting
  4583 | D:5      | Noticed Menkaure
  4710 | D:4      | Killed Dowan
  4729 | D:4      | Killed Duvessa
  5420 | D:4      | Reached skill level 7 in Fighting
  5765 | D:5      | Killed Menkaure
  5766 | D:5      | Reached XP level 8. HP: 49/87 MP: 6/17
  5774 | D:5      | Learned a level 5 spell: Freezing Cloud
  5875 | D:5      | Found a broken altar of Ashenzari.
  5983 | D:5      | Found a bloodstained altar of Trog.
  6162 | D:6      | Found a staircase to the Ecumenical Temple.
  6386 | D:6      | Reached skill level 1 in Conjurations
  6386 | D:6      | Reached skill level 1 in Ice Magic
  6386 | D:6      | Reached skill level 1 in Air Magic
  6664 | D:6      | Reached skill level 8 in Fighting
  7035 | D:6      | Found a basalt altar of Yredelemnul.
  7396 | D:6      | Identified a scroll of acquirement
  7396 | D:6      | Acquired the ring of Luovuiph {rN+ Int+6 Dex+4}
  7672 | D:7      | Noticed a yak
  7675 | D:7      | Noticed a yak
  7679 | D:7      | Killed a yak
  7682 | D:7      | Killed a yak
  7683 | D:7      | Reached XP level 9. HP: 96/96 MP: 2/19
  7750 | Temple   | Entered the Ecumenical Temple
  8226 | D:7      | Found Uben's General Store.
  8235 | D:7      | Bought a potion of magic for 128 gold pieces
  8352 | D:8      | Reached skill level 1 in Evocations
  8551 | D:8      | Noticed a troll
  8555 | D:8      | Killed a troll
  9604 | D:9      | Reached XP level 10. HP: 96/102 MP: 6/20
  9652 | D:8      | Reached skill level 5 in Evocations
 10114 | D:9      | Noticed Pikel
 10118 | D:9      | Killed Pikel
 10119 | D:9      | Reached skill level 9 in Fighting
 10406 | D:9      | Reached skill level 1 in Staves
 10465 | D:9      | Found a staircase to the Lair.
 10613 | D:9      | Reached skill level 10 in Fighting
 10752 | D:9      | Found a radiant altar of Vehumet.
 10758 | D:9      | Became a worshipper of Vehumet
 10886 | D:9      | Noticed Joseph
 10891 | D:9      | Killed Joseph
 11113 | D:9      | Found a staircase to the Orcish Mines.
 11174 | D:9      | Noticed Grum
 11178 | D:9      | Killed Grum
 11382 | Orc:1    | Entered Level 1 of the Orcish Mines
 11521 | Orc:2    | Entered Level 2 of the Orcish Mines
 11524 | Orc:2    | Noticed an orc knight
 11525 | Orc:2    | Noticed an orc knight
 11526 | Orc:2    | Noticed an orc knight
 11527 | Orc:2    | Noticed an orc warlord
 11530 | Orc:2    | Killed an orc knight
 11530 | Orc:2    | Killed an orc knight
 11531 | Orc:2    | Reached XP level 11. HP: 117/117 MP: 4/23
 11531 | Orc:2    | Killed an orc knight
 11535 | Orc:2    | Killed an orc warlord
 11657 | Orc:2    | Noticed an orc knight
 11667 | Orc:1    | Reached * piety under Vehumet
 11667 | Orc:1    | Offered knowledge of Foxfire by Vehumet.
 11759 | Orc:2    | Killed an orc knight
 11786 | Orc:2    | Noticed an orc sorcerer
 11789 | Orc:2    | Killed an orc sorcerer
 11793 | Orc:2    | Noticed an orc sorcerer
 11918 | Orc:2    | Paralysed by an orc sorcerer for 2 turns
 11919 | Orc:2    | Killed an orc sorcerer
 11920 | Orc:2    | Reached skill level 10 in Staves
 12074 | Orc:2    | Noticed an orc knight
 12084 | Orc:2    | Killed an orc knight
 12274 | Orc:2    | Found Hoitix's Antique Weapon Shop.
 12510 | Orc:2    | Found Luock's Book Boutique.
 12511 | Orc:2    | Noticed an orc knight
 12518 | Orc:2    | Killed an orc knight
 12697 | Orc:2    | Noticed an orc warlord
 12707 | Orc:2    | Killed an orc warlord
 12708 | Orc:2    | Reached XP level 12. HP: 118/126 MP: 3/24
 12917 | Orc:2    | Found Qiacwir's General Store.
 12992 | Orc:2    | Offered knowledge of Shock by Vehumet.
 13043 | Orc:2    | Noticed an ettin
 13048 | Orc:2    | Killed an ettin
 13139 | Orc:2    | Found a runed translucent gate.
 13139 | Orc:2    | Found a runed translucent gate.
 13225 | Orc:2    | Found a staircase to the Elven Halls.
 13225 | Orc:2    | Found an opulent altar of Gozag.
 13226 | Orc:2    | Found a runed translucent gate.
 13325 | Orc:2    | Noticed Phlounder's ghost (journeyman DjVM)
 13325 | Orc:2    | Found Xofodgh's Assorted Antiques.
 13325 | Orc:2    | Noticed an orc warlord
 13380 | Orc:2    | Bought the Teachings on Fulgent Clouds for 528 gold pieces
 13388 | Orc:2    | Learned a level 7 spell: Orb of Destruction
 13416 | Orc:2    | Found Zuhael's Antique Armour Shoppe.
 13778 | Orc:1    | Reached ** piety under Vehumet
 14079 | Orc:1    | Noticed an orc warlord
 14088 | Orc:1    | Reached skill level 5 in Conjurations
 14102 | Orc:1    | Killed an orc warlord
 14103 | Orc:1    | Reached skill level 11 in Fighting
 14387 | Orc:1    | Found a runed translucent door.
 14388 | Orc:1    | Found a shimmering altar of Xom.
 14388 | Orc:1    | Noticed Liezuv's ghost (journeyman HOFi)
 14441 | Orc:1    | Offered knowledge of Momentum Strike by Vehumet.
 14678 | Lair:1   | Entered Level 1 of the Lair of Beasts
 14930 | Lair:1   | Reached *** piety under Vehumet
 15103 | Lair:1   | Reached XP level 13. HP: 137/137 MP: 16/26
 15251 | Lair:1   | Found the +6 shillelagh "Devastator" {shatter}
 15969 | Lair:2   | Offered knowledge of Flame Wave by Vehumet.
 16546 | Lair:2   | Reached skill level 10 in Conjurations
 17137 | Lair:2   | Found a staircase to the Swamp.
 17416 | Lair:3   | Reached **** piety under Vehumet
 17417 | Lair:3   | Reached skill level 12 in Fighting
 17470 | Lair:3   | Offered knowledge of Yara's Violent Unravelling by Vehumet.
 17624 | Lair:2   | Upgraded the game from 0.31-a0-765-g67fe2935dc to
                  | 0.31-a0-795-g5eb97db20b
 18254 | Lair:3   | Reached skill level 13 in Fighting
 18575 | Lair:3   | Reached XP level 14. HP: 138/153 MP: 13/27
 18588 | Lair:3   | Learned a level 5 spell: Yara's Violent Unravelling
 18746 | Lair:3   | Reached ***** piety under Vehumet
 18749 | Lair:3   | Offered knowledge of Lee's Rapid Deconstruction by Vehumet.
 18750 | Lair:3   | Reached skill level 1 in Transmutations
 18903 | Lair:3   | Reached skill level 1 in Hexes
 18914 | Lair:3   | Found a hole to the Spider Nest.
 19351 | Lair:4   | Noticed Rupert
 19510 | Lair:4   | Paralysed by Rupert for 5 turns
 19511 | Lair:4   | Killed Rupert
 19731 | Lair:4   | Identified the +2 quarterstaff of World's End {antimagic,
                  | rElec Str+3}
 19788 | Lair:4   | Reached skill level 14 in Fighting
 20025 | Lair:4   | Identified the +1 cloak of the Lost Path {Will+ rCorr}
 20454 | Lair:5   | Entered Level 5 of the Lair of Beasts
 21403 | Lair:5   | Found a runed translucent door.
 21404 | Lair:5   | Found a viscous altar of Jiyva.
 21406 | Lair:5   | Found a staircase to the Slime Pits.
 21460 | Lair:5   | Upgraded the game from 0.31-a0-795-g5eb97db20b to
                  | 0.31-a0-799-g6bc09d010c
 22052 | Lair:5   | Reached skill level 10 in Spellcasting
 22503 | D:10     | Entered Level 10 of the Dungeon
 22761 | D:10     | Reached skill level 15 in Fighting
 22917 | D:10     | Reached XP level 15. HP: 167/167 MP: 23/29
 22950 | D:10     | Gained mutation: You are frail. (-10% HP) [a neqoxec]
 23267 | D:10     | Upgraded the game from 0.31-a0-799-g6bc09d010c to
                  | 0.31-a0-803-g95b03c3367
 23563 | D:10     | Found a stormy altar of Qazlal.
 23907 | D:10     | Identified the staff of Deformation {rPois SInv Poison}
 23909 | D:10     | Got a fuliginous book
 23911 | D:10     | Got a tattered book
 24368 | D:11     | Reached skill level 16 in Fighting
 27091 | D:13     | Noticed Kirke
 27146 | D:12     | Killed Kirke
 28080 | D:14     | Slain by a centaur warrior simulacrum

Illustrated notes

Levels and vault maps discovered:
D:1:      dpeg_arrival_shelter, layout_basic
D:2:      layout_basic, basic_altar
D:3:      layout_rooms, kennysheep_slug_shrine, serial_shops,
          nicolae_shop_advertising_works [nicolae_subvault_shop_adworks]
D:4:      layout_loops_ring, small_statue_intersection, minmay_misc_feat_alley,
          kennysheep_another_room, uniq_duvessa
D:5:      minmay_skewed_foursquare, layout_cave_pools, trog_book,
          cheibrodos_ashenzari_chains, uniq_menkaure
D:6:      layout_loops_ring, yredelemnul_forgotten_temple_becter,
          temple_doors_e, corexii_checkpoint_a, minmay_fire_ice_demons
D:7:      layout_cave_pools, serial_shops, nicolae_shop_tiny_glass,
          dreamdust_gnoll_shepherd
D:8:      layout_basic, serial_bayou_pond_c
D:9:      layout_gridville, nicolae_vehumet_radiance,
          due_lair_maze_entry_diamond, orc_0_dummy, uniq_grum, uniq_joseph,
          uniq_pikel
D:10:     minmay_the_grid_triangle_9x9_recursive_2
          [minmay_the_grid_triangle_9x9_prize_center,
          minmay_the_grid_triangle_9x9_zippers_vertical,
          minmay_the_grid_triangle_9x9_steps,
          minmay_the_grid_triangle_9x9_sparse_checkered], layout_irregular_city,
          grunt_qazlal_sundering, serial_demonic, serial_demonic_f,
          serial_demonic_a, serial_demonic_d, serial_demonic_d
D:11:     layout_irregular_city
D:12:     layout_basic
D:13:     layout_long_grid, nrook_campfire, uniq_kirke
D:14:     layout_gridville, david_vaults_1, kennysheep_nondescript,
          minmay_mirror_moons_of_madness, uniq_josephine
Temple:   nicolae_temple_x_marks_the_god
Lair:1:   layout_gridlike, gauntlet_entry_generic
Lair:2:   layout_cave_shapes, minmay_swamp_entry_worms, st_stairs_8
Lair:3:   cheibrodos_lair_overgrown_chateau, layout_chaotic_city,
          hellmonk_spider_entry_not_the_bees, grunt_megastairs_1
Lair:4:   layout_misc_corridors, infiniplex_staircase_pool, uniq_rupert
Lair:5:   evilmike_catoblepas_cave, layout_regular_city, slime_entry_2,
          lemuel_fruit_tree
Orc:1:    layout_caves, ebering_ghost_xom, basic_altar
Orc:2:    grunt_orc_gardens, layout_caves, grunt_orc_garden, grunt_orc_garden,
          grunt_orc_garden, grunt_orc_garden, ebering_ghost_gozag

Skill      XL: |  1  2  3  4  5  6  7  8  9 10 11 12 13 14 15 |
---------------+----------------------------------------------+-----
Poison Magic   | 3 4 |  4.0
Fighting       | 1 2 3 4 5 7 8 10 11 13 15 16 | 16.9
Spellcasting   | 3 4 5 6 7 8 9 10 | 10.0
Conjurations   | 3 4 9 12 13 14 | 14.3
Ice Magic      | 3 4 |  4.0
Air Magic      | 3 4 |  4.1
Evocations     | 4 5 |  5.0
Staves         | 6 11 12 | 12.0
Transmutations | 4 |  4.0
Hexes          | 4 |  4.0
Dodging        | |  1.7
Stealth        | |  1.4

Action                     |  1- 3 |  4- 6 |  7- 9 | 10-12 | 13-15 || total
---------------------------+-------+-------+-------+-------+-------++-------
  Melee: Club              |    15 |    12 |       |       |       ||    27
         Rapier            |       |    24 |    16 |       |       ||    40
         Staff             |       |       |    27 |    61 |   100 ||   188
         Punch             |       |       |     1 |     3 |       ||     4
         Unarmed           |       |       |       |       |     2 ||     2
  Throw: Stone             |     1 |       |       |       |       ||     1
   Cast: Sting             |    46 |    27 |    33 |       |       ||   106
         Poisonous Vapours |    26 |    29 |    24 |    55 |     5 ||   139
         Mephitic Cloud    |       |     9 |     7 |     4 |     1 ||    21
         Ignite Poison     |       |     7 |    44 |    89 |    99 ||   239
         Olgreb's Toxic Ra |       |       |    14 |    38 |   110 ||   162
         Freezing Cloud    |       |       |     7 |    15 |    65 ||    87
         Orb of Destructio |       |       |       |     1 |    89 ||    90
         Apportation       |       |       |       |       |     2 ||     2
  Evoke: Wand              |       |       |     1 |    11 |     3 ||    15
         Condenser vane    |       |       |       |       |     1 ||     1
    Use: Scroll            |     2 |     4 |     8 |     2 |    11 ||    27
         Potion            |       |     4 |     1 |     2 |       ||     7
   Stab: Invisible         |       |     3 |       |       |       ||     3
         Confused          |       |       |     1 |       |       ||     1
 Armour: Robe              |    20 |    63 |    75 |    90 |    33 ||   281
         Animal skin       |       |       |       |    39 |       ||    39
         Steam dragon scal |       |       |       |       |   109 ||   109
         Acid dragon scale |       |       |       |       |    64 ||    64
         Skin              |       |       |       |       |     1 ||     1
  Dodge: Dodged            |    17 |    33 |    45 |    61 |    60 ||   216

Table legend: (Time is in decaauts)
 A = Elapsed time spent in this place.
 B = Non-inter-level travel time spent in this place.
 C = Inter-level travel time spent in this place.
 D = Time resting spent in this place.
 E = Time spent auto-exploring this place.
 F = Levels seen in this place.
 G = Mean time per level.
                   A        B        C        D        E       F      G
               +--------+--------+--------+--------+--------+-----+--------+
         Total |  28045 |  26540 |   1505 |   3572 |  19368 |  22 | 1274.8 |
       Dungeon |  17181 |  16284 |    897 |   1584 |  12482 |  14 | 1227.2 |
        Temple |      1 |      1 |      0 |      0 |      0 |   1 |    1.0 |
          Lair |   7616 |   7151 |    465 |    782 |   5434 |   5 | 1523.2 |
  Orcish Mines |   3246 |   3104 |    142 |   1206 |   1452 |   2 | 1623.0 |
               +--------+--------+--------+--------+--------+-----+--------+

Top non-repeatable levels by time:
  Lair:3: 2073 daAuts
   Orc:1: 1860 daAuts
    D:10: 1824 daAuts
  Lair:5: 1730 daAuts
    D:12: 1651 daAuts
     D:2: 1627 daAuts
     D:6: 1576 daAuts
     D:9: 1572 daAuts
  Lair:2: 1461 daAuts
   Orc:2: 1385 daAuts
     D:1: 1320 daAuts
  Lair:1: 1307 daAuts
     D:4: 1295 daAuts
     D:8: 1286 daAuts
     D:5: 1262 daAuts
